 Dungeon Crawl Stone Soup version 0.30-a0-210-g01b79a254e (webtiles) character file.

Game seed: 13090385665936671302

5988 Iusername the Cleaver (level 10, -12/90 HPs)
             Began as a Minotaur Fighter on Oct 4, 2022.
             Was an Elder of the Shining One.
             Killed from afar by a gargoyle (19 damage)
             ... with a stone arrow
             ... on level 7 of the Dungeon.
             The game lasted 00:14:47 (9301 turns).

Iusername the Cleaver (Minotaur Fighter)            Turns: 9301, Time: 00:14:48

Health: -12/90     AC:  9    Str: 25    XL:     10   Next: 55%
Magic:  9/9        EV: 11    Int:  5    God:    the Shining One [****..]
Gold:   532        SH:  0    Dex: 10    Spells: 9/9 levels left

rFire   + + .      SeeInvis .    I - +7 great mace "Firestarter" {inner flame, rF++}
rCold   . . .      Faith    .    (shield currently unavailable)
rNeg    + + .      Spirit   .    b - +0 scale mail
rPois   .          Reflect  .    (helmet restricted)
rElec   .          Harm     .    (no cloak)
rCorr   .          Rampage  .    (no gloves)
Will    .....                    y - +0 pair of boots
Stlth   ..........               (no amulet)
HPRegen 0.35/turn                (no ring)
MPRegen 0.11/turn                (no ring)

@: mighty, glowing
A: horns 2, retaliatory headbutt
a: Renounce Religion, Divine Shield, Cleansing Flame


You were on level 7 of the Dungeon.
You worshipped the Shining One.
The Shining One was greatly pleased with you.
You visited 1 branch of the dungeon, and saw 9 of its levels.
You also visited: Ossuary.

You collected 532 gold pieces.

Inventory:

Hand Weapons
 a - a +3 war axe of venom
 I - the +7 great mace "Firestarter" (weapon) {inner flame, rF++}
   (You took it off a centaur on level 8 of the Dungeon)

   It burns those it strikes, dealing additional fire damage.
   It fills those it strikes with an explosive inner flame.
   It grants immunity to clouds of flame.
   rF:        It greatly protects you from fire.
Missiles
 k - 6 throwing nets
 o - 2 silver javelins
Armour
 b - a +0 scale mail (worn)
 y - a +0 pair of boots (worn)
Jewellery
 c - a +6 ring of dexterity
 v - a ring of willpower
 F - a ring of see invisible
 H - a +4 ring of protection
 K - a +6 ring of strength
Wands
 x - a wand of mindburst (26)
 B - a wand of iceblast (9) (quivered)
 C - a wand of charming (9)
Scrolls
 i - 2 scrolls of fog {unknown}
 s - 2 scrolls of noise
 t - 2 scrolls of immolation
 u - 2 scrolls of teleportation
 w - 4 scrolls of poison
 z - 3 scrolls of magic mapping
 A - 3 scrolls of amnesia
 E - a scroll of torment
 J - 2 scrolls of enchant armour
 L - a scroll of fear
 M - a scroll of enchant weapon
 N - a scroll of vulnerability {unknown}
 P - 2 scrolls of silence
Potions
 e - 3 potions of degeneration {unknown}
 f - 3 potions of attraction
 g - a potion of lignification {unknown}
 h - 3 potions of brilliance {unknown}
 j - 5 potions of flight
 l - 2 potions of cancellation {unknown}
 m - a potion of magic {unknown}
 n - 2 potions of haste {unknown}
 p - a potion of invisibility {unknown}
 q - 7 potions of curing {unknown}
 r - 3 potions of mutation {unknown}
 D - 2 potions of resistance {unknown}
 G - a potion of berserk rage {unknown}
 O - 2 potions of heal wounds


   Skills:
 + Level 8.9 Fighting
 + Level 13.1(13.3) Axes
 + Level 3.2(9.1) Maces & Flails
 + Level 9.4 Armour
 + Level 3.1 Dodging
 + Level 1.4 Stealth
 + Level 5.6 Shields
 + Level 1.0 Evocations


You had 9 spell levels left.
You didn't know any spells.
Your spell library contained the following spells:

 Spells                   Type           Power      Damage    Failure   Level
 Blink                    Tloc           0%         N/A       86%         2
 Momentum Strike          Conj/Tloc      0%         3d8       86%         2
 Dazzling Flash           Conj/Hex       0%         N/A       97%         3
 Lesser Beckoning         Tloc           0%         N/A       97%         3
 Ozocubu's Armour         Ice            0%         N/A       97%         3
 Iskenderun's Mystic Bla  Conj/Tloc      0%         2d3       100%        4
 Summon Forest            Summ/Tloc      0%         N/A       100%        5
 Summon Mana Viper        Hex/Summ       0%         N/A       100%        5
 Starburst                Conj/Fire      0%         6d3       100%        6
 Summon Cactus Giant      Summ           0%         N/A       100%        6
 Ozocubu's Refrigeration  Ice            0%         4d7       100%        7


Dungeon Overview and Level Annotations

Branches:
Dungeon (9/15)             Temple (0/1) D:7            Lair (0/5) D:8
Ossuary (visited)
    Orc: D:9-12

Altars:
Kikubaaqudgha
Nemelex Xobeh
Qazlal
Ru
Sif Muna
Trog
Wu Jian
The Shining One

Shops:
D:2 [


Innate Abilities, Weirdness & Mutations

You have a pair of horns on your head.
You reflexively headbutt those who attack you in melee.


Message History

The stone arrow misses you.
The gargoyle hurls a stone arrow at you.
The stone arrow hits you!
There are monsters nearby!
You hit the gargoyle but do no damage. The gargoyle closely misses you.
The gargoyle hurls a stone arrow at you.
The stone arrow misses you. The gargoyle barely misses you.
You furiously retaliate!
You headbutt the gargoyle.
You feel very mighty all of a sudden.
The gargoyle hurls a stone arrow at you.
The stone arrow misses you.
The gargoyle hits you but does no damage.
The gargoyle misses you. You furiously retaliate!
You headbutt the gargoyle. You bludgeon the gargoyle!! You burn the gargoyle!
You destroy the gargoyle!
The gargoyle hits you with a +0 flail.
Your base Maces & Flails skill increases to level 3!
You sock the gargoyle! You burn the gargoyle.
The gargoyle is filled with an inner flame.
You headbutt the gargoyle, but do no damage.
The gargoyle is moderately damaged.
The gargoyle hits you with a +0 mace!! The gargoyle hits you with a +0 flail!
* * * LOW HITPOINT WARNING * * *
You hit the gargoyle.
Flame seeps out of the gargoyle.
You burn the gargoyle.
Flame seeps out of the gargoyle.
The gargoyle is heavily damaged.
The gargoyle is engulfed in blazing flames.
Flame seeps out of the gargoyle.
The gargoyle hits you with a +0 mace!
* * * LOW HITPOINT WARNING * * *
The gargoyle hits you with a +0 flail! The Shining One protects you from harm!
You bludgeon the gargoyle!! You burn the gargoyle.
The gargoyle explodes!
The fiery explosion engulfs you! You resist.
The Shining One protects you from harm!
The gargoyle hurls a stone arrow at you.
The stone arrow misses you.
The gargoyle hurls a stone arrow at you.
The stone arrow hits you!!
You die...

......#
#.###8...8###.#.#.######
#.###.# #..#
##...##[#...#.# ...##.#
#.###+.....'###..#.#
#.###.# #.#○#.......#
#..#.# #.# #.# #.
#)§......+##..#.######
#.# #.###
#°☼..8....##..........
..# #...#
#'..§.§..'##..#.......
### ###.#
#8#...°§..#$#..#.......
# #####.#
###+.§@§.+###..########
###.....# ##+.9##
#....####### ........#
###$# #.#....#....
##....#.#
##...#.##......
##..#.#.##
.......###.....
....<..... .#
................
....#.#.####.#
####.##.####....
###.#.#....<.# #. #.#
#.... ###.#........ .
..# #....


You could see a gargoyle.

Vanquished Creatures
  A cyclops (D:8)
  3 gargoyles (D:7)
  A troll (D:9)
  Prince Ribbit (D:7)
  Sigmund (D:5)
  6 yaks (D:8)
  2 acid dragons
  3 orc warriors
  A black bear (D:8)
  2 hornet zombies (Ossuary)
  2 ogres
  2 centaurs (D:8)
  A phantom (D:4)
  2 kobold brigands
  5 bullfrogs
  A necrophage (D:6)
  2 wyvern zombies (Ossuary)
  A scorpion (D:4)
  A water moccasin zombie (Ossuary)
  8 wights (D:9)
  3 bullfrog zombies (Ossuary)
  2 jellies
  5 orc priests
  5 hounds
  Jessica (D:2)
  2 iguanas
  9 orc wizards
  2 killer bee zombies (Ossuary)
  15 mummies (Ossuary)
  A howler monkey zombie (Ossuary)
  6 adders
  4 gnolls
  2 river rats (D:4)
  An ufetubus (D:5)
  3 worms
  3 dart slugs
  30 orcs
  8 endoplasms
  3 giant cockroaches
  6 goblins
  9 hobgoblins
  35 kobolds
  6 quokkas
  7 ball pythons
  3 bats
  4 frilled lizards
  7 rats
228 creatures vanquished.

Vanquished Creatures (others)
  6 fungi (D:8)
  11 plants
  4 toadstools (D:7)
  6 withered plants (Ossuary)
27 creatures vanquished.

Grand Total: 255 creatures vanquished

Notes
Turn   | Place    | Note
-------+----------+-------------------------------------------
     0 | D:1      | Iusername the Minotaur Fighter began the quest for the Orb.
     0 | D:1      | Reached XP level 1. HP: 19/19 MP: 0/0
   229 | D:1      | Reached XP level 2. HP: 18/27 MP: 1/1
   388 | D:1      | Reached skill level 3 in Axes
   460 | D:1      | Reached XP level 3. HP: 33/33 MP: 2/2
  1262 | D:2      | Found a glowing golden altar of the Shining One.
  1273 | D:2      | Found Bead's Armour Shop.
  1308 | D:2      | Became a worshipper of the Shining One
  1441 | D:2      | Noticed Jessica
  1445 | D:2      | Killed Jessica
  1446 | D:2      | Reached XP level 4. HP: 39/40 MP: 3/3
  1669 | D:2      | Reached skill level 5 in Armour
  1878 | D:3      | Found an ornate altar of the Wu Jian Council.
  1898 | D:3      | Found an ancient bone altar of Kikubaaqudgha.
  2531 | D:3      | Reached skill level 4 in Axes
  2733 | D:4      | Noticed a scorpion
  2741 | D:4      | Killed a scorpion
  2742 | D:4      | Reached XP level 5. HP: 38/46 MP: 4/4
  2779 | D:4      | Found a bloodstained altar of Trog.
  2866 | D:4      | Reached skill level 5 in Axes
  2866 | D:4      | Reached skill level 1 in Dodging
  3110 | D:4      | Reached XP level 6. HP: 53/53 MP: 5/5
  3358 | D:4      | Reached skill level 6 in Axes
  3634 | D:4      | Reached * piety under the Shining One
  3640 | D:4      | Reached XP level 7. HP: 60/60 MP: 6/6
  3855 | D:4      | Reached skill level 7 in Axes
  4132 | D:5      | Entered Level 5 of the Dungeon
  4446 | D:5      | Reached skill level 8 in Axes
  4469 | D:5      | Noticed Sigmund
  4474 | D:5      | Reached skill level 5 in Fighting
  4475 | D:5      | Killed Sigmund
  4476 | D:5      | Reached XP level 8. HP: 61/68 MP: 7/7
  4924 | D:6      | Reached skill level 9 in Axes
  5247 | D:6      | Found a stormy altar of Qazlal.
  5447 | D:6      | You fall into a shaft and drop 3 floors!
  5544 | D:9      | Noticed a troll
  5548 | D:9      | Killed a troll
  5552 | D:9      | Reached skill level 10 in Axes
  5562 | D:9      | Reached skill level 1 in Stealth
  5801 | D:9      | Found a sparkling altar of Nemelex Xobeh.
  5803 | D:9      | Reached ** piety under the Shining One
  5805 | D:9      | Found a sacrificial altar of Ru.
  5809 | D:9      | Reached skill level 5 in Shields
  5811 | D:9      | Reached XP level 9. HP: 60/75 MP: 8/8
  5918 | D:8      | Found a sand-covered staircase.
  5937 | D:8      | Reached skill level 1 in Evocations
  5950 | Ossuary  | Entered an ossuary
  5976 | Ossuary  | Reached skill level 11 in Axes
  6052 | Ossuary  | Reached *** piety under the Shining One
  6178 | Ossuary  | Reached **** piety under the Shining One
  7022 | D:8      | Noticed a cyclops
  7030 | D:8      | Killed a cyclops
  7031 | D:8      | Reached skill level 12 in Axes
  7328 | D:8      | Reached XP level 10. HP: 79/86 MP: 9/9
  8428 | D:8      | Found a staircase to the Lair.
  8431 | D:8      | Reached skill level 13 in Axes
  8589 | D:7      | Found a glowing golden altar of the Shining One.
  8621 | D:7      | Found a staircase to the Ecumenical Temple.
  9010 | D:7      | Found a shimmering blue altar of Sif Muna.
  9109 | D:7      | Noticed Prince Ribbit
  9113 | D:7      | Killed Prince Ribbit
  9114 | D:7      | Reached skill level 1 in Maces & Flails
  9290 | D:7      | Noticed a gargoyle
  9292 | D:7      | Killed a gargoyle
  9293 | D:7      | Noticed a gargoyle
  9293 | D:7      | Noticed a gargoyle
  9293 | D:7      | Noticed a gargoyle
  9298 | D:7      | Killed a gargoyle
  9300 | D:7      | The Shining One protects you from harm!
  9301 | D:7      | Killed a gargoyle
  9301 | D:7      | The Shining One protects you from harm!
  9301 | D:7      | Killed from afar by a gargoyle

Illustrated notes

Levels and vault maps discovered:
D:1:      sevenhm_arrival_forest_fort_large_2, layout_loops_ring
D:2:      layout_basic, basic_altar, serial_shops,
          nicolae_shop_competitors_out_of_business, uniq_jessica
D:3:      layout_loops_ring, mainiacjoe_overflow_large_starburst,
          kennysheep_generic_room_2
D:4:      kennysheep_kobold_camp, layout_basic, trog_hazing_becter,
          portal_sewer_entry_b
D:5:      layout_loops_ring, uniq_sigmund
D:6:      layout_basic, kennysheep_little_box
D:7:      cheibrodos_statue_roulette, layout_basic,
          mainiacjoe_overflow_brackets, mainiacjoe_overflow_catwalk,
          minmay_temple_entry_statues_pillars, minmay_gold_behind_fungi,
          uniq_prince_ribbit1
D:8:      layout_rooms, grunt_lair_entry_orc_guard_hut,
          nicolae_ossuary_entry_monument
D:9:      layout_loops_ring, mainiacjoe_overflow_catwalk_spiral,
          minmay_shop_mayhem

Skill      XL: |  1  2  3  4  5  6  7  8  9 10 |
---------------+-------------------------------+-----
Armour         | 4 5 6 7 9 |  9.4
Axes           | 3 4 5 6 8 10 12 13 | 13.1
Fighting       | 4 5 6 7 8 |  8.9
Shields        | 4 5 |  5.6
Dodging        | 1 2 3 |  3.1
Stealth        | 1 |  1.4
Evocations     | 1 |  1.0
Maces & Flails | 3 |  3.2

Action                   |  1- 3 |  4- 6 |  7- 9 | 10-12 || total
-------------------------+-------+-------+-------+-------++-------
Melee: War axe           |    51 |   129 |   204 |    20 ||   404
       Headbutt          |     8 |    12 |    52 |     7 ||    79
       Great mace        |       |       |       |    25 ||    25
Evoke: Wand              |       |       |     7 |       ||     7
  Use: Scroll            |       |     9 |    11 |       ||    20
       Potion            |       |       |     3 |     3 ||     6
Armor: Scale mail        |    21 |    58 |    48 |     9 ||   136
Dodge: Dodged            |    20 |    56 |    68 |    32 ||   176
Block: Buckler           |     7 |    22 |    48 |     4 ||    81

Table legend: (Time is in decaauts)
 A = Elapsed time spent in this place.
 B = Non-inter-level travel time spent in this place.
 C = Inter-level travel time spent in this place.
 D = Time resting spent in this place.
 E = Time spent auto-exploring this place.
 F = Levels seen in this place.
 G = Mean time per level.
                   A        B        C        D        E       F      G
               +--------+--------+--------+--------+--------+-----+--------+
         Total |   9410 |   9117 |    293 |   2333 |   5260 |  10 |  941.0 |
       Dungeon |   8386 |   8093 |    293 |   1698 |   5154 |   9 |  931.8 |
       Ossuary |   1024 |   1024 |      0 |    635 |    106 |   1 | 1024.0 |
               +--------+--------+--------+--------+--------+-----+--------+

Top non-repeatable levels by time:
     D:8: 1664 daAuts
     D:4: 1449 daAuts
     D:1: 1180 daAuts
 Ossuary: 1024 daAuts
     D:3: 841 daAuts
     D:7: 737 daAuts
     D:2: 724 daAuts
     D:5: 713 daAuts
     D:6: 606 daAuts
     D:9: 468 daAuts
